 Dungeon Crawl Stone Soup version 0.31-a0-175-g9f7f995f2b (webtiles) character file.

Game seed: 8499982951393760137

7205 qw the Skirmisher (level 11, -3/103 HPs)
             Began as a Naga Hunter on June 17, 2023.
             Was a Believer of Okawaru.
             Slain by a spriggan defender zombie (17 damage)
             ... on level 2 of the Abyss.
             The game lasted 00:04:30 (10645 turns).

qw the Skirmisher (Naga Hunter)                    Turns: 10645, Time: 00:04:30

Health: -3/103     AC:  8    Str: 13    XL:     11   Next: 11%
Magic:  13/14      EV: 14    Int: 10    God:    Okawaru [**....]
Gold:   269        SH:  5    Dex: 19    Spells: 10/10 levels left

rFire   . . .        f - +0 orcbow
rCold   . . .        (shield currently unavailable)
rNeg    . . .        o - +3 leather armour
rPois   +            (no helmet)
rElec   .            (no cloak)
rCorr   .            (no gloves)
SInv    +            (no barding)
Will    +....        d - amulet of reflection
Stlth   +++          (no ring)
HPRegen 0.37/turn    (no ring)
MPRegen 0.14/turn

%: reflection
@: about to teleport, heroic, very slow
A: AC +3, large, see invisible, deformed body, poison resistance, slowness 2,
spit poison 1, naga tail 1
a: Spit Poison, Renounce Religion, Heroism


You were on level 2 of the Abyss.
You worshipped Okawaru.
Okawaru was pleased with you.
You visited 2 branches of the dungeon, and saw 11 of its levels.
You visited the Abyss 1 time.

You collected 531 gold pieces.
You spent 262 gold pieces at shops.


Innate Abilities, Weirdness & Mutations

Your serpentine skin is tough. (AC +3)
You have supernaturally acute eyesight. (SInv)
Armour fits poorly on your strangely shaped body.
Your system is resistant to poisons. (rPois)
You cover ground very slowly.
You can spit poison.
You have a snake-like lower body.


   Skills:
 - Level 8.0(13.0) Fighting
 + Level 12.9(17.9) Ranged Weapons
 - Level 1.1(6.1) Armour
 - Level 4.0(9.0) Dodging
 - Level 1.5(6.5) Stealth
 - Level 4.0 Invocations


You had 10 spell levels left.
You didn't know any spells.
Your spell library was empty.

Inventory:

Hand Weapons
 f - a +0 orcbow (weapon)
Armour
 o - a +3 leather armour (worn)
Jewellery
 d - an amulet of reflection (around neck)
 e - a ring of fire
Wands
 c - a wand of digging (3)
Scrolls
 a - 2 scrolls of enchant armour
 b - 2 scrolls of teleportation
 h - 2 scrolls of identify
Potions
 i - 4 potions of curing
 j - 2 potions of resistance
 k - 2 potions of might
 l - 2 potions of enlightenment
 m - a potion of haste

Dungeon Overview and Level Annotations

Branches:
Dungeon (10/15)            Temple (1/1) D:4
   Lair: D:8-11         Orc: D:9-12

Altars:
Cheibriados
Dithmenos
Elyvilon
Fedhas
Gozag
Hepliaklqana
Kikubaaqudgha
Makhleb
Nemelex Xobeh
Okawaru
Qazlal
Ru
Sif Muna
Trog
Uskayaw
Vehumet
Wu Jian
Xom
Yredelemnul
Zin
The Shining One

Shops:
D:7 (

Annotations:
D:10 Erolcha


Message History

The thrashing horror is moderately damaged.
The thrashing horror tramples you but does no damage.
The thrashing horror tramples you.
You stumble backwards!
Enter note: You shoot an arrow.
The arrow hits the thrashing horror!
The thrashing horror is heavily damaged.
The thrashing horror barely misses you.
The thrashing horror tramples you but does no damage.
The thrashing horror tramples you!
You stumble backwards!
A large abomination comes into view.
A spriggan defender zombie comes into view.
Enter note: You shoot an arrow.
The arrow hits the thrashing horror but does no damage.
The thrashing horror is heavily damaged.
The thrashing horror barely misses you.
The thrashing horror tramples you but does no damage.
The thrashing horror misses you. The thrashing horror barely misses you.
You shoot an arrow. The arrow hits the thrashing horror.
The thrashing horror is moderately damaged.
The thrashing horror closely misses you. x3
The thrashing horror tramples you.
You stumble backwards!
You shoot an arrow.
The arrow barely misses the thrashing horror.
The thrashing horror tramples you.
You hold your ground!
The thrashing horror tramples you but does no damage.
The thrashing horror closely misses you.
The thrashing horror tramples you.
You stumble backwards!
You shoot an arrow. The arrow hits the thrashing horror!
The thrashing horror is severely damaged.
You block the thrashing horror's attack.
The thrashing horror tramples you!
You hold your ground!
The thrashing horror barely misses you.
The thrashing horror closely misses you.
You shoot an arrow. The arrow hits the thrashing horror!
The thrashing horror is heavily damaged.
The thrashing horror misses you.
The thrashing horror tramples you but does no damage.
The spriggan defender zombie hits you!
You die...

..# ..##..##..##..##.
.. .................
~...._....... ....
#..##..##..##..# .
..##......##......##..
... .. ...............
......................
.~~...........X.X.....
~~..........X@Z......
..~ ..................
......................
..7#......##......##..
. #~.~....##......# .
. ~~..............
.7................
.~.. .............. ~
. ....... ...


You could see 2 thrashing horrors, a large abomination and a spriggan defender
zombie.

Vanquished Creatures
  A manticore (D:9)
  Joseph (D:8)
  Maggie (D:7)
  A ynoxinul (Abyss:2)
  A small abomination (Abyss:2)
  A wyvern (D:9)
  2 humans (D:7)
  10 yaks (D:9)
  Eustachio (D:5)
  2 steam dragons
  3 acid dragons (D:9)
  2 water moccasins (D:7)
  Duvessa (D:7)
  2 sky beasts (D:7)
  2 orc warriors
  An ogre (D:6)
  2 centaurs (D:9)
  2 phantoms (D:6)
  5 kobold brigands
  5 bullfrogs
  Dowan (D:7)
  9 killer bees
  5 howler monkeys
  A hound (D:5)
  2 jellies
  3 orc priests
  4 sleepcaps
  Natasha (twice) (D:4)
  Terence (D:2)
  8 orc wizards
  3 iguanas
  6 gnolls
  12 adders
  A shadow imp (D:7)
  4 white imps
  2 ufetubi
  4 worms (D:2)
  2 dart slugs
  29 orcs
  10 ball pythons
  10 endoplasms
  A giant cockroach (D:3)
  6 goblins
  3 hobgoblins
  28 kobolds
  2 quokkas
  4 bats
  7 frilled lizards
  6 rats
222 creatures vanquished.

Notes
Turn   | Place    | Note
-------+----------+-------------------------------------------
     0 | D:1      | qw the Naga Hunter began the quest for the Orb.
     0 | D:1      | Reached XP level 1. HP: 19/19 MP: 1/1
     0 | D:1      | 0 ||| qw: Version: 0.3-a-2-g5ab2908
     0 | D:1      | 0 ||| qw: Game counter: 380
     0 | D:1      | 0 ||| qw: Always use a shield: true
     0 | D:1      | 0 ||| qw: God list: Okawaru
     0 | D:1      | 0 ||| qw: Allow faded altars: false
     0 | D:1      | 0 ||| qw: Do Orc after D:15 true
     0 | D:1      | 0 ||| qw: Do second Lair branch before Depths: true
     0 | D:1      | 0 ||| qw: Lair rune preference: random
     0 | D:1      | 0 ||| qw: Plans: Normal
     0 | D:1      | 0 ||| PLANNING D:1-11
    33 | D:1      | 33 ||| INVOKING Spit Poison.
   109 | D:1      | 109 ||| INVOKING Spit Poison.
   155 | D:1      | 155 ||| INVOKING Spit Poison.
   220 | D:1      | 220 ||| INVOKING Spit Poison.
   274 | D:1      | Reached skill level 4 in Ranged Weapons
   274 | D:1      | Reached XP level 2. HP: 26/26 MP: 2/2
   299 | D:1      | 299 ||| INVOKING Spit Poison.
   366 | D:1      | 366 ||| INVOKING Spit Poison.
   372 | D:1      | 372 ||| INVOKING Spit Poison.
   419 | D:1      | 419 ||| INVOKING Spit Poison.
   436 | D:1      | 436 ||| INVOKING Spit Poison.
   455 | D:1      | Reached XP level 3. HP: 32/32 MP: 3/3
   584 | D:1      | 584 ||| INVOKING Spit Poison.
   699 | D:1      | 699 ||| INVOKING Spit Poison.
   746 | D:1      | 746 ||| INVOKING Spit Poison.
  1036 | D:1      | 1036 ||| READING scroll labelled SATIH NEPESMO.
  1037 | D:1      | 1037 ||| READING scroll labelled GIRUM PUIMAEGIDGH.
  1094 | D:1      | 1094 ||| READING scroll labelled JUSYPT PETYX.
  1095 | D:1      | 1095 ||| DROPPING scroll of butterflies.
  1181 | D:2      | 1181 ||| INVOKING Spit Poison.
  1198 | D:2      | 1198 ||| INVOKING Spit Poison.
  1202 | D:2      | 1202 ||| INVOKING Spit Poison.
  1216 | D:2      | 1216 ||| INVOKING Spit Poison.
  1220 | D:2      | 1220 ||| INVOKING Spit Poison.
  1234 | D:2      | 1234 ||| INVOKING Spit Poison.
  1240 | D:2      | 1240 ||| INVOKING Spit Poison.
  1243 | D:2      | 1243 ||| INVOKING Spit Poison.
  1264 | D:2      | Noticed Terence
  1265 | D:2      | 1265 ||| INVOKING Spit Poison.
  1270 | D:2      | 1270 ||| INVOKING Spit Poison.
  1275 | D:2      | 1275 ||| INVOKING Spit Poison.
  1275 | D:2      | Killed Terence
  1276 | D:2      | Reached skill level 5 in Ranged Weapons
  1276 | D:2      | Reached XP level 4. HP: 12/39 MP: 4/4
  1398 | D:2      | 1398 ||| INVOKING Spit Poison.
  1408 | D:2      | 1408 ||| INVOKING Spit Poison.
  1412 | D:2      | 1412 ||| INVOKING Spit Poison.
  1413 | D:2      | 1413 ||| INVOKING Spit Poison.
  1417 | D:2      | 1417 ||| INVOKING Spit Poison.
  1448 | D:2      | 1448 ||| INVOKING Spit Poison.
  1560 | D:2      | 1560 ||| INVOKING Spit Poison.
  1564 | D:2      | 1564 ||| INVOKING Spit Poison.
  1607 | D:2      | 1607 ||| INVOKING Spit Poison.
  1612 | D:2      | 1612 ||| INVOKING Spit Poison.
  1618 | D:2      | 1618 ||| INVOKING Spit Poison.
  1674 | D:2      | 1674 ||| INVOKING Spit Poison.
  1977 | D:2      | 1977 ||| INVOKING Spit Poison.
  1980 | D:2      | 1980 ||| INVOKING Spit Poison.
  1981 | D:2      | Reached XP level 5. HP: 48/48 MP: 5/5
  1993 | D:2      | 1993 ||| UPGRADING to amulet of reflection.
  1998 | D:2      | 1998 ||| READING 2 scrolls labelled PEKHLE KOENOV.
  1999 | D:2      | 1999 ||| READING 2 scrolls labelled SIUKAS PASUFI.
  2003 | D:2      | 2003 ||| READING 2 scrolls labelled QOQ UZETOCKOX.
  2004 | D:2      | 2004 ||| READING scroll labelled MYISAERREM.
  2005 | D:2      | 2005 ||| DRINKING 2 dark potions.
  2006 | D:2      | 2006 ||| DROPPING scroll of fog.
  2035 | D:3      | 2035 ||| INVOKING Spit Poison.
  2042 | D:3      | 2042 ||| INVOKING Spit Poison.
  2045 | D:3      | Reached skill level 3 in Fighting
  2200 | D:3      | 2200 ||| INVOKING Spit Poison.
  2235 | D:3      | 2235 ||| INVOKING Spit Poison.
  2244 | D:3      | 2244 ||| INVOKING Spit Poison.
  2323 | D:3      | 2323 ||| INVOKING Spit Poison.
  2341 | D:3      | 2341 ||| INVOKING Spit Poison.
  2372 | D:3      | 2372 ||| INVOKING Spit Poison.
  2451 | D:3      | 2451 ||| INVOKING Spit Poison.
  2459 | D:3      | 2459 ||| INVOKING Spit Poison.
  2466 | D:3      | 2466 ||| INVOKING Spit Poison.
  2489 | D:3      | 2489 ||| INVOKING Spit Poison.
  2490 | D:3      | Reached XP level 6. HP: 57/57 MP: 6/6
  2892 | D:3      | 2892 ||| READING 2 scrolls labelled ZEUSITW KA PI YGH.
  2893 | D:3      | 2893 ||| DRINKING 2 yellow potions.
  2894 | D:3      | 2894 ||| READING 2 scrolls of identify.
  2894 | D:3      | 2894 ||| IDENTIFYING viscous sapphire potion
  2895 | D:3      | 2895 ||| DROPPING potion of magic.
  2925 | D:4      | 2925 ||| INVOKING Spit Poison.
  2928 | D:4      | 2928 ||| INVOKING Spit Poison.
  2933 | D:4      | 2933 ||| INVOKING Spit Poison.
  2935 | D:4      | 2935 ||| Stepping ~*~*~tactically~*~*~ (outnumbered).
  2937 | D:4      | 2937 ||| INVOKING Spit Poison.
  2943 | D:4      | 2943 ||| INVOKING Spit Poison.
  3108 | D:4      | 3108 ||| INVOKING Spit Poison.
  3111 | D:4      | Reached skill level 6 in Ranged Weapons
  3147 | D:4      | Noticed Natasha
  3148 | D:4      | 3148 ||| INVOKING Spit Poison.
  3152 | D:4      | Killed Natasha
  3175 | D:4      | 3175 ||| INVOKING Spit Poison.
  3177 | D:4      | 3177 ||| Stepping ~*~*~tactically~*~*~ (outnumbered).
  3181 | D:4      | 3181 ||| INVOKING Spit Poison.
  3230 | D:4      | Noticed Natasha
  3231 | D:4      | 3231 ||| INVOKING Spit Poison.
  3263 | D:4      | 3263 ||| INVOKING Spit Poison.
  3272 | D:4      | 3272 ||| INVOKING Spit Poison.
  3275 | D:4      | 3275 ||| INVOKING Spit Poison.
  3278 | D:4      | 3278 ||| INVOKING Spit Poison.
  3295 | D:4      | 3295 ||| INVOKING Spit Poison.
  3299 | D:4      | 3299 ||| INVOKING Spit Poison.
  3326 | D:4      | 3326 ||| INVOKING Spit Poison.
  3353 | D:4      | 3353 ||| INVOKING Spit Poison.
  3412 | D:4      | 3412 ||| INVOKING Spit Poison.
  3465 | D:4      | Found a staircase to the Ecumenical Temple.
  3466 | D:4      | 3466 ||| PLANNING TEMPLE
  3466 | D:4      | 3466 ||| INVOKING Spit Poison.
  3470 | D:4      | 3470 ||| INVOKING Spit Poison.
  3510 | D:4      | 3510 ||| UPGRADING to +3 leather armour.
  3520 | D:4      | 3520 ||| DROPPING +0 leather armour.
  3521 | D:4      | 3521 ||| READING scroll labelled CADISK ELEAG.
  3522 | D:4      | 3522 ||| READING 7 scrolls of identify.
  3522 | D:4      | 3522 ||| IDENTIFYING golden potion
  3523 | D:4      | 3523 ||| READING 6 scrolls of identify.
  3523 | D:4      | 3523 ||| IDENTIFYING white potion
  3524 | D:4      | 3524 ||| READING 5 scrolls of identify.
  3524 | D:4      | 3524 ||| IDENTIFYING ruby potion
  3525 | D:4      | 3525 ||| READING 4 scrolls of identify.
  3525 | D:4      | 3525 ||| IDENTIFYING purple potion
  3526 | D:4      | 3526 ||| READING 3 scrolls of identify.
  3526 | D:4      | 3526 ||| IDENTIFYING coppery potion
  3527 | D:4      | 3527 ||| DROPPING potion of brilliance.
  3528 | D:4      | 3528 ||| DROPPING potion of ambrosia.
  3537 | Temple   | Entered the Ecumenical Temple
  3737 | Temple   | 3737 ||| PLANNING D:1-11
  3819 | D:4      | 3819 ||| INVOKING Spit Poison.
  3820 | D:4      | Killed Natasha
  3821 | D:4      | Reached XP level 7. HP: 64/64 MP: 7/7
  3827 | D:4      | 3827 ||| INVOKING Spit Poison.
  3942 | D:4      | 3942 ||| INVOKING Spit Poison.
  4011 | D:5      | Entered Level 5 of the Dungeon
  4015 | D:5      | 4015 ||| INVOKING Spit Poison.
  4018 | D:5      | 4018 ||| INVOKING Spit Poison.
  4039 | D:5      | 4039 ||| INVOKING Spit Poison.
  4044 | D:5      | 4044 ||| INVOKING Spit Poison.
  4048 | D:5      | 4048 ||| INVOKING Spit Poison.
  4052 | D:5      | 4052 ||| INVOKING Spit Poison.
  4164 | D:5      | 4164 ||| INVOKING Spit Poison.
  4167 | D:5      | 4167 ||| INVOKING Spit Poison.
  4171 | D:5      | 4171 ||| INVOKING Spit Poison.
  4176 | D:5      | 4176 ||| INVOKING Spit Poison.
  4177 | D:5      | Reached skill level 7 in Ranged Weapons
  4179 | D:5      | 4179 ||| INVOKING Spit Poison.
  4182 | D:5      | 4182 ||| INVOKING Spit Poison.
  4186 | D:5      | 4186 ||| INVOKING Spit Poison.
  4451 | D:5      | Noticed Eustachio
  4452 | D:5      | 4452 ||| INVOKING Spit Poison.
  4455 | D:5      | 4455 ||| INVOKING Spit Poison.
  4458 | D:5      | 4458 ||| INVOKING Spit Poison.
  4458 | D:5      | Killed Eustachio
  4459 | D:5      | Reached skill level 3 in Dodging
  4498 | D:5      | 4498 ||| INVOKING Spit Poison.
  4506 | D:5      | 4506 ||| INVOKING Spit Poison.
  4511 | D:5      | 4511 ||| INVOKING Spit Poison.
  4515 | D:5      | Found a sacrificial altar of Ru.
  4515 | D:5      | Found an ancient bone altar of Kikubaaqudgha.
  4544 | D:5      | 4544 ||| INVOKING Spit Poison.
  4591 | D:5      | 4591 ||| INVOKING Spit Poison.
  4596 | D:5      | 4596 ||| INVOKING Spit Poison.
  5029 | D:5      | 5029 ||| DRINKING 2 red potions.
  5030 | D:5      | 5030 ||| DROPPING potion of degeneration.
  5075 | D:6      | 5075 ||| INVOKING Spit Poison.
  5079 | D:6      | 5079 ||| INVOKING Spit Poison.
  5086 | D:6      | 5086 ||| INVOKING Spit Poison.
  5090 | D:6      | 5090 ||| STAIRDANCE
  5096 | D:5      | Reached XP level 8. HP: 55/72 MP: 8/8
  5150 | D:6      | 5150 ||| INVOKING Spit Poison.
  5152 | D:6      | 5152 ||| STAIRDANCE
  5154 | D:5      | 5154 ||| INVOKING Spit Poison.
  5202 | D:6      | 5202 ||| INVOKING Spit Poison.
  5203 | D:6      | 5203 ||| STAIRDANCE
  5205 | D:6      | 5205 ||| STAIRDANCE
  5207 | D:5      | 5207 ||| DRINKING 3 potions of curing.
  5207 | D:5      | 5207 ||| (to cure confusion)
  5208 | D:5      | 5208 ||| INVOKING Spit Poison.
  5211 | D:5      | 5211 ||| INVOKING Spit Poison.
  5218 | D:5      | 5218 ||| INVOKING Spit Poison.
  5222 | D:5      | 5222 ||| INVOKING Spit Poison.
  5228 | D:5      | 5228 ||| INVOKING Spit Poison.
  5385 | D:6      | 5385 ||| INVOKING Spit Poison.
  5388 | D:6      | 5388 ||| INVOKING Spit Poison.
  5392 | D:6      | 5392 ||| INVOKING Spit Poison.
  5393 | D:6      | 5393 ||| STAIRDANCE
  5396 | D:5      | 5396 ||| INVOKING Spit Poison.
  5397 | D:5      | Reached skill level 8 in Ranged Weapons
  5400 | D:5      | 5400 ||| INVOKING Spit Poison.
  5407 | D:5      | 5407 ||| INVOKING Spit Poison.
  5503 | D:6      | 5503 ||| INVOKING Spit Poison.
  5509 | D:6      | 5509 ||| INVOKING Spit Poison.
  5545 | D:6      | 5545 ||| INVOKING Spit Poison.
  5577 | D:6      | 5577 ||| INVOKING Spit Poison.
  5588 | D:6      | 5588 ||| INVOKING Spit Poison.
  5640 | D:6      | 5640 ||| INVOKING Spit Poison.
  5647 | D:6      | 5647 ||| INVOKING Spit Poison.
  5652 | D:6      | 5652 ||| INVOKING Spit Poison.
  5658 | D:6      | 5658 ||| INVOKING Spit Poison.
  5661 | D:6      | 5661 ||| INVOKING Spit Poison.
  5787 | D:6      | 5787 ||| INVOKING Spit Poison.
  5794 | D:6      | 5794 ||| INVOKING Spit Poison.
  5800 | D:6      | 5800 ||| INVOKING Spit Poison.
  5889 | D:6      | 5889 ||| INVOKING Spit Poison.
  5895 | D:6      | 5895 ||| INVOKING Spit Poison.
  5898 | D:6      | 5898 ||| INVOKING Spit Poison.
  5977 | D:6      | Found a white marble altar of Elyvilon.
  6235 | D:6      | 6235 ||| DROPPING +1 leather armour of willpower.
  6236 | D:6      | 6236 ||| READING 3 scrolls of identify.
  6236 | D:6      | 6236 ||| IDENTIFYING lumpy white potion
  6237 | D:6      | 6237 ||| READING 2 scrolls of identify.
  6237 | D:6      | 6237 ||| IDENTIFYING fuming golden potion
  6238 | D:6      | 6238 ||| DROPPING potion of lignification.
  6255 | D:7      | 6255 ||| INVOKING Spit Poison.
  6260 | D:7      | 6260 ||| INVOKING Spit Poison.
  6261 | D:7      | 6261 ||| STAIRDANCE
  6267 | D:6      | 6267 ||| INVOKING Spit Poison.
  6271 | D:6      | 6271 ||| INVOKING Spit Poison.
  6275 | D:6      | 6275 ||| INVOKING Spit Poison.
  6441 | D:7      | 6441 ||| INVOKING Spit Poison.
  6443 | D:7      | Reached skill level 9 in Ranged Weapons
  6509 | D:7      | Found Alaskas's Antique Weapon Shoppe.
  6558 | D:7      | Noticed Dowan
  6561 | D:7      | Noticed Duvessa
  6563 | D:7      | 6563 ||| INVOKING Spit Poison.
  6569 | D:7      | 6569 ||| INVOKING Spit Poison.
  6572 | D:7      | Killed Duvessa
  6573 | D:7      | Reached skill level 6 in Fighting
  6573 | D:7      | Reached XP level 9. HP: 58/82 MP: 9/9
  6577 | D:7      | 6577 ||| INVOKING Spit Poison.
  6580 | D:7      | Killed Dowan
  6672 | D:7      | 6672 ||| BUYING runed shortbow (150 gold).
  6672 | D:7      | Bought a runed shortbow for 150 gold pieces
  6672 | D:7      | 6672 ||| BUYING runed sling (112 gold).
  6672 | D:7      | Bought a runed sling for 112 gold pieces
  6672 | D:7      | 6672 ||| SWAPPING to +3 shortbow.
  6673 | D:7      | 6673 ||| DROPPING +2 sling of electrocution.
  6674 | D:7      | 6674 ||| DROPPING +0 shortbow.
  6710 | D:7      | Noticed Maggie
  6711 | D:7      | 6711 ||| INVOKING Spit Poison.
  6717 | D:7      | 6717 ||| INVOKING Spit Poison.
  6722 | D:7      | 6722 ||| INVOKING Spit Poison.
  6729 | D:7      | 6729 ||| INVOKING Spit Poison.
  6729 | D:7      | Killed Maggie
  6733 | D:7      | 6733 ||| INVOKING Spit Poison.
  6737 | D:7      | Reached skill level 10 in Ranged Weapons
  6979 | D:7      | 6979 ||| INVOKING Spit Poison.
  6984 | D:7      | 6984 ||| INVOKING Spit Poison.
  7027 | D:7      | 7027 ||| INVOKING Spit Poison.
  7158 | D:7      | 7158 ||| INVOKING Spit Poison.
  7159 | D:7      | 7159 ||| READING scroll labelled MYEXTU FUNOUN.
  7163 | D:7      | 7163 ||| INVOKING Spit Poison.
  7361 | D:7      | Found an iron altar of Okawaru.
  7362 | D:7      | 7362 ||| PLANNING OKAWARU WORSHIP
  7362 | D:7      | 7362 ||| READING 2 scrolls of identify.
  7362 | D:7      | 7362 ||| IDENTIFYING black potion
  7363 | D:7      | 7363 ||| DROPPING potion of berserk rage.
  7367 | D:7      | 7367 ||| INVOKING Spit Poison.
  7374 | D:7      | 7374 ||| INVOKING Spit Poison.
  7378 | D:7      | 7378 ||| INVOKING Spit Poison.
  7382 | D:7      | 7382 ||| INVOKING Spit Poison.
  7390 | D:7      | 7390 ||| INVOKING Spit Poison.
  7534 | D:7      | Became a worshipper of Warmaster Okawaru
  7535 | D:7      | 7535 ||| PLANNING D:1-11
  7563 | D:7      | 7563 ||| INVOKING Spit Poison.
  7729 | D:8      | Found an ornate altar of the Wu Jian Council.
  7753 | D:8      | Found a hazy altar of Hepliaklqana.
  7830 | D:8      | Noticed Joseph
  7840 | D:8      | 7840 ||| INVOKING Spit Poison.
  7842 | D:8      | HP: 16/86 [Joseph/sling bullet (14)]
  7843 | D:8      | 7843 ||| READING 4 scrolls of teleportation.
  7844 | D:8      | 7844 ||| DRINKING potion of heal wounds.
  7845 | D:8      | 7845 ||| INVOKING Spit Poison.
  8046 | D:8      | 8046 ||| INVOKING Spit Poison.
  8050 | D:8      | 8050 ||| INVOKING Spit Poison.
  8050 | D:8      | Killed Joseph
  8051 | D:8      | Reached skill level 11 in Ranged Weapons
  8051 | D:8      | Reached XP level 10. HP: 72/94 MP: 10/10
  8151 | D:8      | 8151 ||| INVOKING Spit Poison.
  8158 | D:8      | Reached skill level 1 in Armour
  8158 | D:8      | 8158 ||| INVOKING Spit Poison.
  8197 | D:8      | 8197 ||| DROPPING ring of magical power.
  8200 | D:8      | 8200 ||| INVOKING Spit Poison.
  8205 | D:8      | 8205 ||| INVOKING Spit Poison.
  8214 | D:8      | 8214 ||| INVOKING Spit Poison.
  8221 | D:8      | 8221 ||| INVOKING Spit Poison.
  8226 | D:8      | 8226 ||| INVOKING Spit Poison.
  8230 | D:8      | 8230 ||| INVOKING Spit Poison.
  8331 | D:8      | 8331 ||| INVOKING Spit Poison.
  8456 | D:8      | 8456 ||| INVOKING Spit Poison.
  8522 | D:8      | 8522 ||| INVOKING Spit Poison.
  8530 | D:8      | 8530 ||| INVOKING Spit Poison.
  8649 | D:8      | Found a radiant altar of Vehumet.
  8652 | D:8      | Found a bloodstained altar of Trog.
  8688 | D:8      | 8688 ||| INVOKING Spit Poison.
  8850 | D:9      | 8850 ||| INVOKING Spit Poison.
  8851 | D:9      | 8851 ||| Stepping ~*~*~tactically~*~*~ (cloud).
  8852 | D:9      | 8852 ||| STAIRDANCE
  8935 | D:9      | 8935 ||| INVOKING Spit Poison.
  8939 | D:9      | 8939 ||| STAIRDANCE
  8941 | D:8      | 8941 ||| INVOKING Spit Poison.
  8945 | D:8      | 8945 ||| INVOKING Spit Poison.
  8948 | D:8      | 8948 ||| Stepping ~*~*~tactically~*~*~ (cloud).
  9094 | D:9      | 9094 ||| STAIRDANCE
  9131 | D:9      | Reached * piety under Okawaru
  9132 | D:9      | 9132 ||| INVOKING Spit Poison.
  9139 | D:9      | 9139 ||| INVOKING Spit Poison.
  9144 | D:9      | 9144 ||| INVOKING Heroism.
  9154 | D:9      | Reached skill level 1 in Invocations
  9154 | D:9      | 9154 ||| FLEEEEING.
  9155 | D:9      | 9155 ||| STAIRDANCE
  9316 | D:9      | 9316 ||| INVOKING Heroism.
  9317 | D:9      | 9317 ||| INVOKING Spit Poison.
  9324 | D:9      | 9324 ||| INVOKING Spit Poison.
  9328 | D:9      | 9328 ||| INVOKING Spit Poison.
  9331 | D:9      | 9331 ||| STAIRDANCE
  9333 | D:8      | 9333 ||| INVOKING Heroism.
  9395 | D:9      | 9395 ||| INVOKING Spit Poison.
  9399 | D:9      | 9399 ||| INVOKING Spit Poison.
  9410 | D:9      | 9410 ||| SWAPPING to +0 orcbow.
  9411 | D:9      | 9411 ||| DROPPING +3 shortbow.
  9447 | D:9      | 9447 ||| INVOKING Spit Poison.
  9453 | D:9      | 9453 ||| INVOKING Spit Poison.
  9459 | D:9      | 9459 ||| INVOKING Spit Poison.
  9521 | D:9      | 9521 ||| INVOKING Spit Poison.
  9536 | D:9      | 9536 ||| INVOKING Spit Poison.
  9542 | D:9      | 9542 ||| INVOKING Spit Poison.
  9582 | D:9      | Found a hide-covered altar of Uskayaw.
  9658 | D:9      | Reached skill level 3 in Invocations
  9660 | D:9      | 9660 ||| INVOKING Spit Poison.
  9668 | D:9      | 9668 ||| INVOKING Spit Poison.
  9670 | D:9      | 9670 ||| Stepping ~*~*~tactically~*~*~ (outnumbered).
  9672 | D:9      | 9672 ||| INVOKING Spit Poison.
  9680 | D:9      | 9680 ||| INVOKING Spit Poison.
  9684 | D:9      | 9684 ||| INVOKING Heroism.
  9686 | D:9      | 9686 ||| INVOKING Spit Poison.
  9690 | D:9      | 9690 ||| INVOKING Spit Poison.
  9691 | D:9      | Reached ** piety under Okawaru
  9698 | D:9      | 9698 ||| INVOKING Spit Poison.
  9701 | D:9      | Reached skill level 12 in Ranged Weapons
  9702 | D:9      | 9702 ||| INVOKING Spit Poison.
  9710 | D:9      | 9710 ||| INVOKING Spit Poison.
  9877 | D:9      | 9877 ||| INVOKING Spit Poison.
  9881 | D:9      | 9881 ||| INVOKING Spit Poison.
  9896 | D:9      | 9896 ||| INVOKING Spit Poison.
 10019 | D:9      | 10019 ||| INVOKING Spit Poison.
 10028 | D:9      | 10028 ||| INVOKING Spit Poison.
 10034 | D:9      | 10034 ||| INVOKING Spit Poison.
 10037 | D:9      | Reached XP level 11. HP: 75/103 MP: 14/14
 10037 | D:9      | 10037 ||| INVOKING Spit Poison.
 10040 | D:9      | 10040 ||| INVOKING Spit Poison.
 10140 | D:9      | Found a glowing silver altar of Zin.
 10278 | D:10     | Entered Level 10 of the Dungeon
 10278 | D:10     | Noticed a manticore
 10279 | D:10     | 10279 ||| INVOKING Heroism.
 10280 | D:10     | 10280 ||| INVOKING Spit Poison.
 10287 | D:10     | 10287 ||| STAIRDANCE
 10287 | D:10     | HP: 23/103 [gnoll/+0 spear[a gnoll sergeant] (6)]
 10289 | D:9      | 10289 ||| READING 4 scrolls of teleportation.
 10290 | D:9      | 10290 ||| DRINKING 2 potions of heal wounds.
 10291 | D:9      | 10291 ||| INVOKING Spit Poison.
 10363 | D:9      | 10363 ||| INVOKING Heroism.
 10365 | D:9      | 10365 ||| INVOKING Spit Poison.
 10371 | D:9      | Killed a manticore
 10486 | D:9      | 10486 ||| INVOKING Spit Poison.
 10501 | D:10     | Noticed Erolcha
 10502 | D:10     | 10502 ||| INVOKING Heroism.
 10503 | D:10     | 10503 ||| INVOKING Spit Poison.
 10508 | Abyss:2  | Cast into level 2 of the Abyss (Erolcha)
 10566 | Abyss:2  | 10566 ||| INVOKING Spit Poison.
 10596 | Abyss:2  | Found a corrupted altar of Lugonu.
 10623 | Abyss:2  | Noticed a thrashing horror
 10624 | Abyss:2  | Noticed a thrashing horror
 10631 | Abyss:2  | 10631 ||| INVOKING Heroism.
 10635 | Abyss:2  | HP: 25/103 [thrashing horror (5)]
 10636 | Abyss:2  | 10636 ||| READING 3 scrolls of teleportation.
 10637 | Abyss:2  | 10637 ||| DRINKING potion of heal wounds.
 10643 | Abyss:2  | HP: 21/103 [thrashing horror (5)]
 10645 | Abyss:2  | Slain by a spriggan defender zombie

Levels and vault maps discovered:
D:1:      dpeg_chamrin_arrival_tetris, layout_basic
D:2:      layout_basic, uniq_terence
D:3:      layout_basic
D:4:      layout_loops_ring, minmay_temple_entry_proselytizer, uniq_natasha
D:5:      layout_basic, jmf_multi_god_temple, uniq_eustachio
D:6:      layout_cave_pools, mainiacjoe_overflow_surrounded_room,
          serial_column_ruins, column_ruins_corridor_dead_end,
          column_ruins_columns_straight, column_ruins_grid_3,
          column_ruins_corridor_straight, column_ruins_columns_corner,
          column_ruins_open_medium
D:7:      layout_gridville, okawaru_humans, serial_shops,
          nicolae_shop_tiny_statue_garden, reono_crystal_passage,
          feat_on_display, uniq_duvessa, uniq_maggie
D:8:      layout_rooms, grunt_temple_overflow_open, nzn_hepliaklqana_mist_gate,
          mainiacjoe_overflow_24_doors, minmay_puff, uniq_joseph
D:9:      layout_cave_pools, lemuel_crystal_altar,
          lemuel_coloured_pillars_altar, st_stairs_5
D:10:     minmay_general_purpose_star, layout_layer_cave,
          cheibrodos_ashenzari_chains, lair_entry_dummy,
          nicolae_trove_entry_crystal, uniq_erolcha, uniq_nergalle, uniq_urug
Temple:   minmay_temple_curvy_loop
Abyss:2:  base: D:4, hangedman_abyss_or_decor_passed

Skill      XL: |  1  2  3  4  5  6  7  8  9 10 |
---------------+-------------------------------+-----
Ranged Weapons | 4 5 6 7 9 11 12 | 12.9
Fighting       | 3 4 6 7 8 |  8.0
Dodging        | 3 4 |  4.0
Armour         | 1 |  1.1
Invocations    | 4 |  4.0
Stealth        | |  1.5

Action                     |  1- 3 |  4- 6 |  7- 9 | 10-12 || total
---------------------------+-------+-------+-------+-------++-------
   Fire: Shortbow          |    50 |   138 |   379 |   105 ||   672
         Orcbow            |       |       |       |   151 ||   151
 Invoke: Heroism           |       |       |       |     8 ||     8
Ability: Spit Poison       |    23 |    46 |    86 |    53 ||   208
    Use: Scroll            |     3 |    12 |     5 |     2 ||    22
         Potion            |       |     2 |     3 |     2 ||     7
 Armour: Leather armour    |     3 |    12 |    99 |    56 ||   170
  Dodge: Dodged            |     6 |    17 |   140 |   115 ||   278
  Block: Other             |       |     9 |    57 |    35 ||   101
         Reflection        |       |       |     1 |     3 ||     4

Table legend:
 A = Non-vault XP
 B = Vault XP
 C = Vault XP percentage of total XP
 D = Non-vault monster count
 E = Vault monster count
 F = Vault count percentage of total count
                 A         B        C        D         E       F
            +---------+---------+-------+---------+---------+-------
      Total |    7886 |    2407 |  23.4 |     203 |      19 |   8.6
            +---------+---------+-------+---------+---------+-------
        D:1 |      46 |       0 |   0.0 |      22 |       0 |   0.0
        D:2 |      83 |      36 |  30.3 |      22 |       1 |   4.3
        D:3 |     161 |       0 |   0.0 |      18 |       0 |   0.0
        D:4 |     279 |      77 |  21.6 |      24 |       2 |   7.7
        D:5 |     492 |     244 |  33.2 |      24 |       3 |  11.1
        D:6 |     660 |       0 |   0.0 |      24 |       0 |   0.0
        D:7 |    1271 |    1011 |  44.3 |      16 |       5 |  23.8
        D:8 |     755 |     729 |  49.1 |      14 |       5 |  26.3
        D:9 |    3707 |     310 |   7.7 |      37 |       3 |   7.5
    Abyss:2 |     432 |       0 |   0.0 |       2 |       0 |   0.0
            +---------+---------+-------+---------+---------+-------
